[ AOE2 MATCH · #513634944 ]
UnrankedItalians vs Italians
Player's team · WIN
Rival team · LOSS
[ REPLAY ANALYSIS · EXTRACTED FROM THE RECORDED GAME ]
Feudal
9:26
Castle
—
Imperial
—
| APM avg | 80.2 |
| APM peak | 110 |
| eAPM avg | 35.7 |
| Villagers / military | 25 / 5 |
Focus
⚔️ 45.5% · 🌾 54.5%
Archer ×5
Feudal
11:05
Castle
—
Imperial
—
| APM avg | 72.9 |
| APM peak | 94 |
| eAPM avg | 26.5 |
| Villagers / military | 47 / 0 |
Focus
⚔️ 39.6% · 🌾 60.4%
Match map
Initial resources + every placement click. Lines = walls · curves = elevation contours. ◆ gold · ⬟ stone · ● berries · ✦ relic · ◌ wall gap
Your base· Open — unwalled flank
FelixAldi's base· Open — unwalled flank
Smoothed initial terrain · ◌ = detected wall gap · hover for details
Inputs per minute
— Jinko no jutsu - - FelixAldi
Build order — Jinko no jutsu
62 actions detected in the replay
| 0:00 | Queue | Villager (Male) |
| 0:00 | Queue | Villager (Male) |
| 0:02 | Build | House |
| 0:03 | Build | House |
| 0:18 | Queue | Villager (Male) |
| 0:19 | Queue | Villager (Male) |
| 1:36 | Queue | Villager (Male) |
| 1:51 | Queue | Villager (Male) |
| 2:04 | Build | Lumber Camp |
| 2:21 | Queue | Villager (Male) |
| 2:49 | Queue | Villager (Male) |
| 2:49 | Queue | Villager (Male) |
| 3:23 | Research | Loom |
| 3:23 | Queue | Villager (Male) |
| 4:10 | Queue | Villager (Male) |
| 4:10 | Queue | Villager (Male) |
| 4:16 | Build | House |
| 4:27 | Build | Palisade Wall |
| 4:28 | Build | Palisade Wall |
| 4:28 | Build | Palisade Wall |
| 4:28 | Build | Palisade Wall |
| 4:29 | Build | Palisade Wall |
| 4:29 | Build | Palisade Wall |
| 4:29 | Build | Palisade Wall |
| 4:30 | Build | Palisade Wall |
| 4:30 | Build | Palisade Wall |
| 4:46 | Queue | Villager (Male) |
| 4:57 | Build | Palisade Wall |
| 5:00 | Build | Palisade Wall |
| 5:08 | Build | Palisade Wall |
| 5:09 | Build | Palisade Wall |
| 5:09 | Build | Palisade Wall |
| 5:15 | Build | Mill |
| 5:15 | Queue | Villager (Male) |
| 6:02 | Queue | Villager (Male) |
| 6:02 | Queue | Villager (Male) |
| 6:37 | Build | House |
| 7:16 | Research | Feudal Age |
| 8:06 | Queue | Villager (Male) |
| 8:13 | Build | Barracks |
| 8:26 | Queue | Villager (Male) |
| 9:15 | Queue | Villager (Male) |
| 9:26 | Age | Feudal Age |
| 9:29 | Build | Archery Range |
| 9:41 | Research | Double-Bit Axe |
| 10:08 | Build | Mining Camp |
| 10:09 | Queue | Villager (Male) |
| 10:14 | Queue | Archer |
| 10:30 | Build | Farm |
| 10:44 | Build | House |
| 10:48 | Queue | Villager (Male) |
| 10:57 | Build | Farm |
| 11:01 | Build | Farm |
| 11:10 | Queue | Archer |
| 11:21 | Build | Farm |
| 11:22 | Queue | Villager (Male) |
| 11:43 | Queue | Archer |
| 11:46 | Queue | Villager (Male) |
| 12:08 | Queue | Archer |
| 12:24 | Queue | Villager (Male) |
| 12:25 | Queue | Villager (Male) |
| 12:36 | Queue | Archer |
Build order — FelixAldi
74 actions detected in the replay
| 0:01 | Queue | Villager (Male) |
| 0:02 | Build | House |
| 0:03 | Build | House |
| 0:19 | Queue | Villager (Male) |
| 0:19 | Queue | Villager (Male) |
| 0:20 | Queue | Villager (Male) |
| 1:31 | Queue | Villager (Male) |
| 1:54 | Queue | Villager (Male) |
| 2:21 | Queue | Villager (Male) |
| 2:21 | Queue | Villager (Male) |
| 2:38 | Queue | Villager (Male) |
| 2:53 | Build | Lumber Camp |
| 3:00 | Build | Palisade Wall |
| 3:02 | Build | Palisade Wall |
| 3:08 | Queue | Villager (Male) |
| 3:27 | Queue | Villager (Male) |
| 3:52 | Queue | Villager (Male) |
| 4:09 | Research | Loom |
| 4:10 | Queue | Villager (Male) |
| 4:16 | Queue | Villager (Male) |
| 4:52 | Queue | Villager (Male) |
| 4:52 | Queue | Villager (Male) |
| 5:00 | Queue | Villager (Male) |
| 5:00 | Queue | Villager (Male) |
| 5:03 | Build | House |
| 5:14 | Build | Palisade Wall |
| 5:16 | Build | Palisade Wall |
| 5:16 | Build | Palisade Wall |
| 5:17 | Build | Palisade Wall |
| 5:47 | Queue | Villager (Male) |
| 5:48 | Queue | Villager (Male) |
| 6:19 | Queue | Villager (Male) |
| 6:19 | Queue | Villager (Male) |
| 6:20 | Queue | Villager (Male) |
| 6:28 | Queue | Villager (Male) |
| 6:36 | Queue | Villager (Male) |
| 6:36 | Queue | Villager (Male) |
| 6:45 | Queue | Villager (Male) |
| 6:54 | Queue | Villager (Male) |
| 6:55 | Queue | Villager (Male) |
| 6:55 | Queue | Villager (Male) |
| 6:55 | Queue | Villager (Male) |
| 7:23 | Build | Palisade Wall |
| 7:29 | Build | House |
| 7:31 | Build | House |
| 7:40 | Queue | Villager (Male) |
| 7:44 | Queue | Villager (Male) |
| 7:45 | Build | House |
| 7:56 | Build | Mill |
| 8:07 | Queue | Villager (Male) |
| 8:26 | Queue | Villager (Male) |
| 8:28 | Build | Mining Camp |
| 8:28 | Queue | Villager (Male) |
| 8:29 | Queue | Villager (Male) |
| 8:29 | Queue | Villager (Male) |
| 8:35 | Queue | Villager (Male) |
| 8:55 | Research | Feudal Age |
| 9:10 | Build | Palisade Wall |
| 9:11 | Queue | Villager (Male) |
| 9:37 | Build | Mill |
| 9:38 | Queue | Villager (Male) |
| 9:54 | Build | Outpost |
| 9:57 | Queue | Villager (Male) |
| 10:18 | Queue | Villager (Male) |
| 10:38 | Build | Barracks |
| 10:50 | Build | House |
| 10:50 | Build | House |
| 11:05 | Age | Feudal Age |
| 11:08 | Queue | Villager (Male) |
| 11:28 | Research | Double-Bit Axe |
| 11:35 | Queue | Villager (Male) |
| 11:37 | Queue | Villager (Male) |
| 11:45 | Queue | Villager (Male) |
| 11:51 | Build | Watch Tower |
Match timeline
| 3:00 | FelixAldi · wall_segment Palisade Wall x1 |
| 3:02 | FelixAldi · wall_segment Palisade Wall x4 |
| 4:27 | Jinko no jutsu · wall_segment Palisade Wall x1 |
| 4:28 | Jinko no jutsu · wall_segment Palisade Wall x1 |
| 4:28 | Jinko no jutsu · wall_segment Palisade Wall x1 |
| 4:28 | Jinko no jutsu · wall_segment Palisade Wall x1 |
| 4:29 | Jinko no jutsu · wall_segment Palisade Wall x2 |
| 4:29 | Jinko no jutsu · wall_segment Palisade Wall x1 |
| 4:29 | Jinko no jutsu · wall_segment Palisade Wall x1 |
| 4:30 | Jinko no jutsu · wall_segment Palisade Wall x1 |
| 4:30 | Jinko no jutsu · wall_segment Palisade Wall x1 |
| 4:57 | Jinko no jutsu · wall_segment Palisade Wall x1 |
| 5:00 | Jinko no jutsu · wall_segment Palisade Wall x1 |
| 5:08 | Jinko no jutsu · wall_segment Palisade Wall x1 |
| 5:09 | Jinko no jutsu · wall_segment Palisade Wall x1 |
| 5:09 | Jinko no jutsu · wall_segment Palisade Wall x1 |
| 5:14 | FelixAldi · wall_segment Palisade Wall x2 |
| 5:16 | FelixAldi · wall_segment Palisade Wall x2 |
| 5:16 | FelixAldi · wall_segment Palisade Wall x1 |
| 5:17 | FelixAldi · wall_segment Palisade Wall x1 |
| 7:23 | FelixAldi · wall_segment Palisade Wall x1 |
| 8:13 | Jinko no jutsu · first_building Barracks |
| 9:10 | FelixAldi · wall_segment Palisade Wall x1 |
| 9:26 | Jinko no jutsu · age_up feudal |
| 9:29 | Jinko no jutsu · first_building Archery Range |
| 10:38 | FelixAldi · first_building Barracks |
| 11:05 | FelixAldi · age_up feudal |
| 12:39 | FelixAldi · resign |
[ AI ANALYSIS · 1 CREDIT ]
What really happened in this match?
Wolo.gg analyzes every decision: build order, eco, micro, common mistakes by bracket. Personalized analysis on WhatsApp or Discord in 30 seconds.
Civ guide
Italians
Perfil
Jugador #17040403